Map: Backwater LE

Players

natedawg

  • Race: Terran Terran
  • League: Platinum
  • Spawn Location: 11:00

Kozzy - Winner!

  • Race: Protoss Protoss
  • League: Gold
  • Spawn Location: 5:00

VOD

Have the link to the VOD?

Description

Time

  • Played on: April 6, 2018, 11:58 p.m.
  • Length: 5:53
Show
View Real Time Build Order
Export as new Build Order

natedawg Terran 

Build Orders:  

Get SALT Encoding   

  12  0:01  SCV  
  13  0:13  SCV  
  14  0:18  Supply Depot  
  14  0:25  SCV  
  15  0:40  SCV  
  16  0:44  Barracks  
  16  0:52  SCV  
  17  1:04  SCV  
  18  1:16  SCV  
  19  1:25  Command Center  
  19  1:37  SCV  
  20  1:41  Refinery  
  20  1:42  Refinery  
  20  1:49  SCV  
  21  2:01  SCV  
  21  2:02  Barracks, Supply Depot  
  22  2:13  SCV  
  23  2:23  Marine  
  23  2:25  SCV  
  25  2:38  SCV  
  25  2:42  Marine  
  27  2:51  Command Center  
  27  2:55  Marine  
  28  3:00  Marine  
  28  3:04  Orbital Command  
  29  3:10  Orbital Command  
  28  3:28  Factory  
  28  3:30  SCV  
  28  3:32  Marine x2  
  31  3:37  SCV  
  32  3:42  SCV  
  32  3:50  Marine x2  
  33  4:02  SCV x2  
  33  4:08  Marine x2, Orbital Command  
  34  4:14  SCV x2  
  33  4:22  Refinery  
  33  4:25  Cyclone  
  33  4:26  Marine x2  
  38  4:36  SCV x2  
  40  4:43  Marine  
  40  4:44  Marine  
  42  4:48  SCV x2  
  44  4:57  Cyclone  
  43  5:00  SCV  
  43  5:01  Marine, SCV  
  43  5:02  Marine  
  44  5:10  Factory  
  44  5:13  SCV  
  42  5:19  Marine  
  37  5:22  Marine  
  37  5:25  SCV  
  32  5:45  Supply Depot  
Show
View Real Time Build Order
Export as new Build Order

Kozzy Protoss - Winner!

Build Orders:  

Get SALT Encoding   

  12  0:01  Probe  
  13  0:13  Probe  
  14  0:18  Pylon  
  14  0:25  Probe  
  15  0:37  Probe  
  15  0:38  Gateway  
  16  0:44  Assimilator  
  16  0:49  Probe  
  17  1:01  Probe  
  18  1:07  Pylon  
  18  1:13  Probe (Chrono Boost)  
  19  1:22  Probe (Chrono Boost)  
  20  1:26  Cybernetics Core  
  20  1:38  Probe  
  21  1:47  Forge  
  21  1:49  Pylon  
  21  2:01  Stalker (Chrono Boost)  
  21  2:02  Pylon  
  21  2:03  Warp Gate  
  23  2:14  Shield Battery  
  21  2:22  Stalker (Chrono Boost)  
  23  2:25  Assimilator  
  25  2:34  Gateway  
  25  2:52  Protoss Ground Weapons Level 1 (Chrono Boost)  
  25  2:58  Pylon  
  25  3:10  Pylon, Stalker  
  27  3:23  Stalker  
  29  3:31  Gateway  
  29  4:25  Stalker  
  29  4:26  Stalker  
  33  4:43  Gateway  
  33  4:45  Stalker  
  33  4:50  Stalker x2  
  39  5:15  Stalker x2  
  39  5:16  Stalker  
  41  5:43  Stalker x3  
Tags
 
Add a new tag
Caveats
  • Supply blocks, unpowered buildings, or Contaminate may cause inaccurate times.
  • Supply counts are checked every 10 seconds.